[Event "*** SCC Grand Prix: Titled Tuesday Blitz"]
[Site "Chess.com"]
[Date "2020.07.21"]
[Round "6"]
[White "Sn00pPawn"]
[Black "Karina_Ivanova"]
[Result "0-1"]
[WhiteElo "1794"]
[BlackElo "2182"]
[TimeControl "180+1"]
[EndTime "11:05:08 PDT"]
[Termination "Karina_Ivanova won on time"]

1. e4 c6 2. d4 d5 3. Nc3 dxe4 4. Nxe4 Bf5 5. Ng3 Bg6 6. h4 h6 7. Nf3 Nd7 8. Bd3 Bxd3 9. Qxd3 e6 10. Bd2 Qc7 11.
O-O-O Ngf6 12. Ne4 O-O-O 13. c4 c5 14. d5 Nxe4 15. Qxe4 Nf6 16. Qc2 exd5 17. Qf5+ Kb8 18. Bf4 Bd6 19. Bxd6 Rxd6 20. cxd5 Rhd8 21. Rhe1 Rxd5 22.
Rxd5 Rxd5 23. Re8+ Nxe8 24. Qxd5 Qf4+ 0-1

[Event "*** SCC Grand Prix: Titled Tuesday Blitz"]
[Site "Chess.com"]
[Date "2020.07.21"]
[Round "6"]
[White "iaraldinho"]
[Black "Mazetovic"]
[Result "0-1"]
[WhiteElo "2532"]
[BlackElo "2670"]
[TimeControl "180+1"]
[EndTime "11:05:09 PDT"]
[Termination "Mazetovic won by resignation"]

1. e4 c5 2. Nf3 Nc6 3. d4 cxd4 4. Nxd4 g6 5. Nc3 Bg7 6. Be3 Nf6 7. Be2 O-O 8. O-O d5 9. exd5 Nxd5 10. Nxd5 Nxd4 11.
Bxd4 Qxd5 12. Bxg7 Qxd1 13. Raxd1 Kxg7 14. Bf3 Bf5 15. g4 Be6 16. Rfe1 Rac8 17. Rd2 Rc7 18.
a3 g5 19. Kg2 Rfc8 20. c3 b6 21. Kg3 Rc5 22. h4 h6 23. hxg5 hxg5 24. Red1 R8c7 25.
Rd8 Bb3 26. Rh1 Rc8 27. Rhh8 Rxd8 28. Rxd8 Rc7 29. Bd5 Bc2 30. f4 gxf4+ 31. Kxf4 e6 32. Bf3 Kf6 33. g5+ Ke7 34. Rd2 Rc4+ 35. Rd4 Rc5 36. Be4 e5+ 0-1

[Event "*** SCC Grand Prix: Titled Tuesday Blitz"]
[Site "Chess.com"]
[Date "2020.07.21"]
[Round "6"]
[White "CroissantNeuf"]
[Black "seorobert1971"]
[Result "0-1"]
[WhiteElo "2442"]
[BlackElo "2681"]
[TimeControl "180+1"]
[EndTime "11:05:09 PDT"]
[Termination "seorobert1971 won on time"]

1. e4 c5 2. Nf3 Nc6 3. Bb5 Qc7 4. O-O Nf6 5. Nc3 Nd4 6. Bc4 Ng4 7. g3 Nxf3+ 8.
Qxf3 Ne5 9. Qe2 Nxc4 10. Qxc4 e6 11. d4 a6 12. a4 Be7 13. Bf4 d6 14. dxc5 Qxc5 15.
Qxc5 dxc5 16. Rfd1 Bd7 17. Bd6 Bc6 18. f3 Rd8 19.
Bxe7 Kxe7 20. Kf2 e5 21. a5 Rd4 22. Ne2 Rb4 23. Ra2 g6 24. Ke3 f5 25. Nc3 Rd4 26.
Rd3 Rhd8 27. Ne2 fxe4 0-1

[Event "*** SCC Grand Prix: Titled Tuesday Blitz"]
[Site "Chess.com"]
[Date "2020.07.21"]
[Round "6"]
[White "markberk"]
[Black "2008king"]
[Result "1-0"]
[WhiteElo "2346"]
[BlackElo "2243"]
[TimeControl "180+1"]
[EndTime "11:05:09 PDT"]
[Termination "markberk won by resignation"]

1. Nf3 d5 2. g3 c5 3. Bg2 Nf6 4.
O-O Nc6 5. d4 e6 6. c4 b6 7.
cxd5 Nxd5 8. e4 Nf6 9. d5 exd5 10. exd5 Qxd5 11. Re1+ Be6 12. Qa4 b5 13. Qxb5 Rb8 14. Qa4 Rb4 15. Qc2 Re4 16. Rxe4 Qxe4 17. Qd1 Qd5 18. Qa4 Qe4 19. Qxe4 Nxe4 20. Ng5 Nd4 21. Bxe4 Ne2+ 22. Kf1 Nxc1 23. Nxe6 fxe6 24. Nc3 1-0

[Event "*** SCC Grand Prix: Titled Tuesday Blitz"]
[Site "Chess.com"]
[Date "2020.07.21"]
[Round "6"]
[White "Killertoy"]
[Black "Klavdia_Nik"]
[Result "1-0"]
[WhiteElo "2226"]
[BlackElo "2035"]
[TimeControl "180+1"]
[EndTime "11:05:09 PDT"]
[Termination "Killertoy won by resignation"]

1. e4 c5 2. Nf3 d6 3. d4 cxd4 4. Nxd4 Nf6 5. Nc3 a6 6. a3 e5 7.
Nf5 Bxf5 8. exf5 d5 9. Bg5 d4 10. Bxf6 Qxf6 11. Nd5 Qc6 12. c4 dxc3 13. Rc1 Bc5 14.
Rxc3 Qd6 15. b4 Bb6 16. Rc8+ Bd8 17. Nc7+ Kd7 18. Qxd6+ Kxd6 19. Nxa8 Nc6 20. Nb6 Re8 21. Be2 Re7 22. Nc4+ Kd7 23. Ra8 Kc7 24. O-O b5 25. Na5 Nxa5 26. bxa5 1-0

[Event "*** SCC Grand Prix: Titled Tuesday Blitz"]
[Site "Chess.com"]
[Date "2020.07.21"]
[Round "6"]
[White "VovenRogel"]
[Black "Bayernbk"]
[Result "1-0"]
[WhiteElo "2751"]
[BlackElo "2516"]
[TimeControl "180+1"]
[EndTime "11:05:10 PDT"]
[Termination "VovenRogel won by resignation"]

1. d4 Nf6 2. c4 e6 3. Nf3 d5 4. e3 c5 5. Nc3 Nc6 6. a3 a6 7. dxc5 Bxc5 8. b4 Be7 9. Bb2 O-O 10. cxd5 Nxd5 11. Nxd5 Qxd5 12. Qxd5 exd5 13. Be2 Be6 14.
O-O Rfd8 15. Rfd1 Rac8 16. Rac1 b5 17. h3 f6 18. Rc2 Ne5 19. Rxc8 Nxf3+ 20. Bxf3 Rxc8 21.
Bxd5 Bxd5 22. Rxd5 Rc2 23. Bd4 Ra2 24. Rd7 Kf8 25. Bc5 Bxc5 26. bxc5 Rc2 27. Ra7 Rxc5 28. Rxa6 Kf7 29. g3 Rc1+ 30. Kg2 Ra1 31. Ra7+ Kg6 32.
Ra5 Ra2 33. g4 h6 34. Kg3 Ra1 35. h4 Ra2 36. h5+ Kf7 37. f3 Rb2 38. Kf4 b4 39.
Ra7+ Ke6 40. axb4 Rxb4+ 41. e4 g5+ 42. hxg6 Rb5 43. Rh7 1-0

[Event "*** SCC Grand Prix: Titled Tuesday Blitz"]
[Site "Chess.com"]
[Date "2020.07.21"]
[Round "6"]
[White "BikingBrian"]
[Black "2346PL"]
[Result "0-1"]
[WhiteElo "2215"]
[BlackElo "2399"]
[TimeControl "180+1"]
[EndTime "11:05:10 PDT"]
[Termination "2346PL won by resignation"]

1. d4 f5 2. Nc3 Nf6 3. Bg5 d5 4.
e3 e6 5. Nf3 Bb4 6. Bd3 b6 7.
O-O Ba6 8. Ne2 Bxd3 9. Qxd3 O-O 10.
c4 c6 11. Ne5 Bd6 12. cxd5 cxd5 13. Nf4 Qe7 14. Rac1 Qe8 15. Rc2 Ne4 16. Bh4 Bxe5 17.
dxe5 Nd7 18. f3 Nec5 19. Qd4 a5 20. a3 a4 21. Be1 g5 22. Nd3 Qb8 23. Bb4 Rc8 24.
Bxc5 bxc5 25. Qc3 c4 26. Rfc1 Kf7 27. f4 cxd3 28. Qxc8 Qxc8 29. Rxc8 Rxc8 30. Rxc8 d2 0-1

[Event "*** SCC Grand Prix: Titled Tuesday Blitz"]
[Site "Chess.com"]
[Date "2020.07.21"]
[Round "6"]
[White "maiconramazzotte99"]
[Black "OhanyanEminChess"]
[Result "0-1"]
[WhiteElo "1758"]
[BlackElo "2431"]
[TimeControl "180+1"]
[EndTime "11:05:13 PDT"]
[Termination "OhanyanEminChess won by resignation"]

1. e4 e5 2. Nf3 Nc6 3. Bc4 Nf6 4. d3 d5 5. exd5 Nxd5 6. Bxd5 Qxd5 7. Nc3 Qd8 8. O-O Bd6 9. h3 O-O 10. Ne4 f5 11.
Nxd6 cxd6 12. Bg5 Qc7 13. Qd2 Bd7 14. Rfe1 Rae8 15. Qc3 h6 16. Bd2 Qb6 17. Be3 Qb5 18. a4 Qd5 19. Rad1 Rc8 20. Qa3 Rf6 21. c4 Qf7 22. b4 b6 23. Qc3 Ne7 24. Nh2 f4 25.
Bd2 Rg6 26. Kh1 Nf5 27. Re2 Nh4 28. Rg1 Bc6 29. f3 Nf5 30. Nf1 Ng3+ 31. Nxg3 Rxg3 32.
Kh2 Qh5 33. d4 Bxf3 34. Qc1 Bxe2 0-1

[Event "*** SCC Grand Prix: Titled Tuesday Blitz"]
[Site "Chess.com"]
[Date "2020.07.21"]
[Round "6"]
[White "Makswolf200817"]
[Black "Matveev_Vladimir"]
[Result "0-1"]
[WhiteElo "2478"]
[BlackElo "2671"]
[TimeControl "180+1"]
[EndTime "11:05:14 PDT"]
[Termination "Matveev_Vladimir won by checkmate"]

1. Nf3 Nf6 2. c4 g6 3. g3 Bg7 4.
Bg2 O-O 5. O-O d6 6. d4 Nc6 7. Nc3 Bf5 8. Nh4 Bd7 9. e4 e5 10. dxe5 dxe5 11. Nf3 Bg4 12. Qxd8 Raxd8 13. Bg5 Bxf3 14.
Bxf3 Nd4 15. Bg2 c6 16. f4 Rde8 17. Rad1 Ne6 18. fxe5 Ng4 19. Bf6 Nxe5 20. Bxg7 Kxg7 21. b3 Rd8 22. Bh3 Nd4 23. Kg2 Nc2 24. Kf2 h5 25. Ne2 Nd3+ 26. Kf3 Ne5+ 27. Kf4 f6 28. Be6 g5+ 29. Kf5 Ne3# 0-1

[Event "*** SCC Grand Prix: Titled Tuesday Blitz"]
[Site "Chess.com"]
[Date "2020.07.21"]
[Round "6"]
[White "RoelandPruijssers"]
[Black "Phriex"]
[Result "1-0"]
[WhiteElo "2576"]
[BlackElo "2381"]
[TimeControl "180+1"]
[EndTime "11:05:14 PDT"]
[Termination "RoelandPruijssers won by resignation"]

1. e4 c5 2. Nf3 e6 3. d3 Nc6 4.
g3 Nf6 5. Bg2 d6 6. O-O Be7 7. Re1 e5 8. c3 O-O 9. h3 Be6 10. Nbd2 b5 11. Ng5 Qd7 12. f4 exf4 13.
gxf4 h6 14. Nxe6 Qxe6 15. Nf3 Rad8 16. d4 cxd4 17. cxd4 d5 18. f5 Qd7 19. e5 Ne4 20. f6 gxf6 21. Bxh6 Rfe8 22. Nd2 fxe5 23. Nxe4 dxe4 24.
Rxe4 Nxd4 25. Qh5 Qf5 26. Rg4+ Qxg4 27. Qxg4+ 1-0

[Event "*** SCC Grand Prix: Titled Tuesday Blitz"]
[Site "Chess.com"]
[Date "2020.07.21"]
[Round "6"]
[White "LisikValera"]
[Black "fabianvivasz"]
[Result "1-0"]
[WhiteElo "2467"]
[BlackElo "2300"]
[TimeControl "180+1"]
[EndTime "11:05:14 PDT"]
[Termination "LisikValera won on time"]

1. d4 Nf6 2. c4 g6 3. Nc3 d5 4. Nf3 Bg7 5. cxd5 Nxd5 6. e4 Nxc3 7. bxc3 c5 8. h3 O-O 9. Be2 Nc6 10. Be3 cxd4 11. cxd4 Qa5+ 12. Bd2 Qa3 13. d5 Bxa1 14. Qxa1 Nb4 15. O-O f6 16. Qd4 Na6 17. e5 Qc5 18. Qh4 Bd7 19. d6 exd6 20. exf6 Qh5 21. Bc4+ Kh8 22.
Qd4 Qc5 23. Qf4 Rac8 24. f7 1-0

[Event "*** SCC Grand Prix: Titled Tuesday Blitz"]
[Site "Chess.com"]
[Date "2020.07.21"]
[Round "6"]
[White "Gerodot71"]
[Black "dodorox"]
[Result "1-0"]
[WhiteElo "2404"]
[BlackElo "2140"]
[TimeControl "180+1"]
[EndTime "11:05:14 PDT"]
[Termination "Gerodot71 won by resignation"]

1. d4 Nf6 2. c4 e6 3. Nf3 d5 4. g3 dxc4 5. Bg2 Nc6 6. O-O Be7 7. e3 O-O 8. Qe2 Rb8 9. Qxc4 Na5 10. Qe2 b6 11. Bd2 Nb7 12. Ne5 Bd7 13. Nc6 Bxc6 14.
Bxc6 Qd6 15. Bg2 c5 16. Bc3 cxd4 17. Bxd4 e5 18. Bc3 Qe6 19. Rd1 Nc5 20. Nd2 e4 21. b4 Nd3 22. Nxe4 Nxe4 23. Bxe4 Qxe4 24. Qxd3 Qxd3 25. Rxd3 Rbc8 26. a3 Rc7 27. Rad1 h6 28. Be5 Rb7 29. Rd7 Rxd7 30. Rxd7 Bd8 31. Rxa7 1-0

[Event "*** SCC Grand Prix: Titled Tuesday Blitz"]
[Site "Chess.com"]
[Date "2020.07.21"]
[Round "6"]
[White "Paul66666"]
[Black "Eliwood44"]
[Result "1-0"]
[WhiteElo "2499"]
[BlackElo "2321"]
[TimeControl "180+1"]
[EndTime "11:05:15 PDT"]
[Termination "Paul66666 won by resignation"]

1. e4 e5 2. Nf3 Nc6 3. Bc4 Nf6 4. d4 exd4 5. O-O Nxe4 6. Re1 d5 7. Bxd5 Qxd5 8. Nc3 Qd7 9. Rxe4+ Be7 10. Nxd4 Nxd4 11. Rxd4 Qc6 12. Nd5 Be6 13. Nxe7 Kxe7 14. b3 Rhd8 15.
Ba3+ Ke8 16. c4 Rd7 17. Rxd7 Qxd7 18. Qh5 Qd4 19. Re1 g6 20. Qg5 Kd7 21. Qe7+ Kc6 22. Rxe6+ fxe6 23. Qxe6+ 1-0

[Event "*** SCC Grand Prix: Titled Tuesday Blitz"]
[Site "Chess.com"]
[Date "2020.07.21"]
[Round "6"]
[White "kingofthenil"]
[Black "Gusarov91"]
[Result "0-1"]
[WhiteElo "2445"]
[BlackElo "2645"]
[TimeControl "180+1"]
[EndTime "11:05:16 PDT"]
[Termination "Gusarov91 won by resignation"]

1. e4 c6 2. c4 c5 3. Nf3 Nc6 4. d4 cxd4 5. Nxd4 g6 6. Nc3 Bg7 7. Be3 d6 8. Be2 Nxd4 9. Bxd4 Nf6 10. e5 dxe5 11. Bxe5 Qa5 12. Qa4+ Qxa4 13. Nxa4 O-O 14.
Bf3 Nd7 15. Bxg7 Kxg7 16. Rc1 Ne5 17. Be2 Bd7 18. Nc3 Rac8 19. b3 Bc6 20. f4 Bxg2 21.
Rg1 Nf3+ 22. Bxf3 Bxf3 23. Kf2 Bc6 24. Rge1 e6 25. Rcd1 Rfd8 26. Ne2 a5 27. Nd4 Be8 28. a4 h6 29. Rd2 Rd7 30. Red1 Rcd8 31. Ke3 Kf6 32.
Nf3 Rxd2 33. Rxd2 Rxd2 34. Nxd2 Bc6 35. Nb1 g5 36. Nc3 gxf4+ 37. Kxf4 e5+ 38. Ke3 Ke6 39. Nd1 f5 40. Nf2 f4+ 41. Kd2 0-1

[Event "*** SCC Grand Prix: Titled Tuesday Blitz"]
[Site "Chess.com"]
[Date "2020.07.21"]
[Round "6"]
[White "tufferguy"]
[Black "ljuks68"]
[Result "0-1"]
[WhiteElo "2303"]
[BlackElo "2440"]
[TimeControl "180+1"]
[EndTime "11:05:16 PDT"]
[Termination "ljuks68 won by resignation"]

1. e4 e6 2. d3 d5 3. Nd2 Nf6 4. Ngf3 Be7 5. g3 O-O 6. Bg2 c5 7. O-O Nc6 8. Re1 Qc7 9. e5 Nd7 10. Qe2 b5 11. Nf1 Qb6 12. h4 c4 13. Bf4 cxd3 14.
cxd3 b4 15. N1h2 b3 16. a3 Ba6 17. h5 Nd4 18. Nxd4 Qxd4 19. Rad1 Rfc8 20. Nf3 Qa4 21.
Bg5 Bxg5 22. Nxg5 h6 23. Nh3 Rc2 24. Rd2 Rac8 25. Nf4 Rxd2 26. Qxd2 Rc2 27. Qe3 Bb7 28. Re2 d4 0-1

[Event "*** SCC Grand Prix: Titled Tuesday Blitz"]
[Site "Chess.com"]
[Date "2020.07.21"]
[Round "6"]
[White "MathiasWomacka"]
[Black "csati17"]
[Result "1-0"]
[WhiteElo "2464"]
[BlackElo "2612"]
[TimeControl "180+1"]
[EndTime "11:05:17 PDT"]
[Termination "MathiasWomacka won by resignation"]

1. e4 e6 2. d4 d5 3. Nd2 Nf6 4. e5 Nfd7 5. Bd3 c5 6. c3 Nc6 7.
Ne2 cxd4 8. cxd4 f6 9. exf6 Nxf6 10. Nf3 Bd6 11. O-O O-O 12. Bf4 Bxf4 13. Nxf4 Ng4 14. g3 Qf6 15. h4 h6 16. h5 Rd8 17. Bb5 e5 18. dxe5 Ncxe5 19. Re1 d4 20. Nxe5 Nxe5 21. Qe2 Nf7 22. Qe7 Bf5 23. Qxf6 gxf6 24. Re7 Nd6 25. Bd3 Re8 26. Rae1 Kf8 27. Bxf5 Rxe7 28. Ng6+ Kg8 29. Nxe7+ Kg7 30. Bd3 Kf7 31. Nf5 1-0

[Event "*** SCC Grand Prix: Titled Tuesday Blitz"]
[Site "Chess.com"]
[Date "2020.07.21"]
[Round "6"]
[White "Julianos82"]
[Black "Slovak_fighter2000"]
[Result "0-1"]
[WhiteElo "2271"]
[BlackElo "2460"]
[TimeControl "180+1"]
[EndTime "11:05:19 PDT"]
[Termination "Slovak_fighter2000 won by resignation"]

1. d4 Nf6 2. Nf3 g6 3. c4 Bg7 4. Nc3 d6 5. e4 O-O 6. Be2 Bg4 7.
Ng1 Bxe2 8. Ngxe2 e5 9. d5 Ne8 10. g4 Nd7 11. g5 f6 12. h4 Qe7 13. Ng3 Qf7 14. Be3 f5 15. exf5 gxf5 16. Nh5 f4 17.
Bd2 Qf5 18. Qf3 Nc5 19. Nxg7 Nxg7 20. O-O e4 21. Qg2 f3 22. Qh2 Nd3 23. Kh1 Nxb2 24.
Rg1 Nxc4 25. Rad1 e3 26. Bxe3 Nxe3 27. fxe3 f2 28. Rgf1 Qf3+ 29. Qg2 Qxe3 30. Ne4 Nh5 31. Qg4 Qxe4+ 32. Qxe4 Ng3+ 0-1

[Event "*** SCC Grand Prix: Titled Tuesday Blitz"]
[Site "Chess.com"]
[Date "2020.07.21"]
[Round "6"]
[White "PattyCastillo"]
[Black "crazychessbr"]
[Result "0-1"]
[WhiteElo "1940"]
[BlackElo "2109"]
[TimeControl "180+1"]
[EndTime "11:05:19 PDT"]
[Termination "crazychessbr won by resignation"]

1. d4 Nf6 2. Nf3 g6 3. Nc3 Bg7 4. e4 d6 5. Be3 O-O 6. Qd2 e5 7. dxe5 dxe5 8. O-O-O Qe7 9. Bc4 c6 10. h3 b5 11. Bd3 a5 12. Bh6 Nbd7 13. Bxg7 Kxg7 14.
g4 Nc5 15. Qe3 b4 16. Ne2 a4 17. Ng3 b3 18. a3 bxc2 19. Bxc2 Rb8 20. Nf5+ gxf5 21.
gxf5 Kh8 22. Rhg1 Qb7 23. Qxc5 Qxb2+ 24. Kd2 Nxe4+ 25. Ke2 Nxc5 0-1

[Event "*** SCC Grand Prix: Titled Tuesday Blitz"]
[Site "Chess.com"]
[Date "2020.07.21"]
[Round "6"]
[White "isainz"]
[Black "Bastiandash"]
[Result "0-1"]
[WhiteElo "2135"]
[BlackElo "2361"]
[TimeControl "180+1"]
[EndTime "11:05:25 PDT"]
[Termination "Bastiandash won by resignation"]

1. e4 c5 2. Nf3 e6 3. d4 cxd4 4. Nxd4 a6 5. c4 Nf6 6. Nc3 Bb4 7. Qd3 Qc7 8. a3 Be7 9. Be2 Nc6 10. Be3 Ne5 11. Qd2 Neg4 12. Bg5 h6 13. Bh4 d6 14. Bxg4 Nxg4 15. Bxe7 Qxe7 16. O-O O-O 17. Rad1 Ne5 18. b3 Rd8 19. f4 Nd7 20. Nf3 Nf6 21. Rfe1 b6 22. e5 Ne8 23. Ne4 d5 24. cxd5 Rxd5 25.
Qb2 Bb7 26. Nc3 Rxd1 27. Rxd1 Rc8 28. Na4 b5 29. Nc3 Qc5+ 0-1

[Event "*** SCC Grand Prix: Titled Tuesday Blitz"]
[Site "Chess.com"]
[Date "2020.07.21"]
[Round "6"]
[White "AGW2016"]
[Black "Chesswizard_2007"]
[Result "0-1"]
[WhiteElo "2252"]
[BlackElo "2459"]
[TimeControl "180+1"]
[EndTime "11:05:26 PDT"]
[Termination "Chesswizard_2007 won by resignation"]

1. d4 Nf6 2. c4 g6 3. Nc3 Bg7 4. e4 O-O 5. Be2 d6 6. Be3 c5 7. d5 Qa5 8. f3 b5 9. cxb5 a6 10. a4 axb5 11. Bxb5 Ba6 12. Bxa6 Nxa6 13. Ne2 Rfb8 14. Rb1 Nd7 15. O-O Nb6 16. Bd2 Nc4 17. b3 Nxd2 18. Qxd2 Rb4 19. Rfd1 Qd8 20. Nb5 Nc7 21.
Nec3 Nxb5 22. Nxb5 Qa5 23. Qd3 Qb6 24. Rdc1 c4+ 0-1

[Event "*** SCC Grand Prix: Titled Tuesday Blitz"]
[Site "Chess.com"]
[Date "2020.07.21"]
[Round "6"]
[White "DaggiGretarsson"]
[Black "Happy1712Drummer"]
[Result "1-0"]
[WhiteElo "2619"]
[BlackElo "2430"]
[TimeControl "180+1"]
[EndTime "11:05:28 PDT"]
[Termination "DaggiGretarsson won by checkmate"]

1. d4 d5 2. c4 c6 3. Nc3 Nf6 4. e3 e6 5. g4 h6 6. h4 c5 7.
cxd5 exd5 8. Be2 cxd4 9. exd4 Nc6 10. g5 Ne4 11. Nxe4 dxe4 12. d5 Nb4 13. a3 Nxd5 14.
Qa4+ Bd7 15. Qxe4+ Ne7 16. Nf3 Bc6 17. Qc2 hxg5 18. Bxg5 Qa5+ 19. b4 Qf5 20. Qxf5 Nxf5 21. O-O-O f6 22. Bf4 a5 23. Rhe1 axb4 24. Bd3+ Ne7 25.
Bg6# 1-0

[Event "*** SCC Grand Prix: Titled Tuesday Blitz"]
[Site "Chess.com"]
[Date "2020.07.21"]
[Round "6"]
[White "Shivagami"]
[Black "AungTZ"]
[Result "0-1"]
[WhiteElo "2210"]
[BlackElo "2033"]
[TimeControl "180+1"]
[EndTime "11:05:28 PDT"]
[Termination "AungTZ won on time"]

1. d4 Nf6 2. c4 e6 3. Nc3 Bb4 4.
f3 c5 5. d5 exd5 6. cxd5 d6 7.
e4 O-O 8. Bd3 Re8 9. Ne2 Qc7 10.
O-O c4 11. Bc2 a6 12. Be3 Bc5 13. Nd4 Nbd7 14. f4 b5 15. Qf3 Qb6 16. Rad1 Nf8 17.
Rfe1 Bg4 18. Qg3 Bxd1 19. Rxd1 Qa7 20. e5 Nh5 21. Qg4 g6 22. Kh1 dxe5 0-1

[Event "*** SCC Grand Prix: Titled Tuesday Blitz"]
[Site "Chess.com"]
[Date "2020.07.21"]
[Round "6"]
[White "Kirill_Klukin"]
[Black "GadimbayliA"]
[Result "0-1"]
[WhiteElo "2714"]
[BlackElo "2867"]
[TimeControl "180+1"]
[EndTime "11:05:30 PDT"]
[Termination "GadimbayliA won by resignation"]

1. d4 d5 2. Nf3 Nc6 3. c4 e5 4. cxd5 Qxd5 5. Nc3 Bb4 6. Bd2 Bxc3 7. Bxc3 e4 8. Nd2 e3 9. fxe3 Nf6 10. Qb3 Qf5 11. O-O-O O-O 12. h3 Be6 13. Qc2 Qf2 14. Qd3 Rad8 15.
Nf3 Qg3 16. e4 Qf4+ 17. e3 Qxe4 18. b3 Bf5 19. Qxe4 Nxe4 20. Be1 Ne7 21. g4 Bg6 22. Ne5 Nd5 23. Nxg6 hxg6 24. Rd3 Rfe8 25. Bg2 b6 26. Rf1 Re6 27. Kb2 Rde8 28. h4 Nef6 29. e4 Nxe4 30. g5 c6 31. Bh3 R6e7 32. Rd1 Ne3 0-1

[Event "*** SCC Grand Prix: Titled Tuesday Blitz"]
[Site "Chess.com"]
[Date "2020.07.21"]
[Round "6"]
[White "aa175"]
[Black "Tooweak2slow03"]
[Result "0-1"]
[WhiteElo "2487"]
[BlackElo "2695"]
[TimeControl "180+1"]
[EndTime "11:05:32 PDT"]
[Termination "Tooweak2slow03 won by checkmate"]

1. d4 e6 2. Bf4 f5 3. e3 b6 4. Qf3 d5 5. Qg3 Ba6 6. Bxc7 Qc8 7. Nc3 Bxf1 8. Kxf1 Na6 9. Be5 Nf6 10. Nge2 Nb4 11. Nb5 Na6 12. Bxf6 gxf6 13. Nd6+ Bxd6 14. Qxd6 Kf7 15.
b3 Rd8 16. Qg3 Qxc2 17. Rc1 Qxa2 18. Qh4 Rh8 19. Qh5+ Ke7 20. Qh6 Rac8 21. Qg7+ Kd6 22. Qxf6 Rxc1+ 23. Nxc1 Qc2 24. Qe5+ Kd7 25. Qg7+ Kc6 26.
Qxh8 Qd1# 0-1

[Event "*** SCC Grand Prix: Titled Tuesday Blitz"]
[Site "Chess.com"]
[Date "2020.07.21"]
[Round "6"]
[White "Onegust"]
[Black "Bulldog167"]
[Result "0-1"]
[WhiteElo "2587"]
[BlackElo "2753"]
[TimeControl "180+1"]
[EndTime "11:05:33 PDT"]
[Termination "Bulldog167 won by resignation"]

1. e4 e6 2. d4 d5 3. Bd3 Nf6 4.
e5 Nfd7 5. Nf3 c5 6. c3 Nc6 7. O-O Be7 8. Re1 a5 9. a3 a4 10.
Bc2 cxd4 11. cxd4 b5 12. Nc3 Ba6 13. Ne2 Nb6 14. Ng3 h5 15. h3 Kd7 16. Ne2 Qc7 17.
Nc3 Na5 18. Bg5 Qd8 19. Bxe7 Qxe7 20. b3 axb3 21. Bxb3 g5 22. Nh2 g4 23. hxg4 hxg4 24. g3 f5 25. exf6 Qh7 26. Qxg4 Qxh2+ 27. Kf1 b4+ 0-1

[Event "*** SCC Grand Prix: Titled Tuesday Blitz"]
[Site "Chess.com"]
[Date "2020.07.21"]
[Round "6"]
[White "harkerchess"]
[Black "Haapana"]
[Result "0-1"]
[WhiteElo "2105"]
[BlackElo "2328"]
[TimeControl "180+1"]
[EndTime "11:05:33 PDT"]
[Termination "Haapana won by checkmate"]

1. d4 Nf6 2. Bg5 c5 3. d5 Qb6 4. Bc1 g6 5. e3 Bg7 6. Nd2 d6 7.
Nc4 Qc7 8. a4 O-O 9. Nf3 Nbd7 10. Be2 b6 11. O-O Bb7 12. Rb1 Bxd5 13. b3 Bb7 14.
Bb2 Rad8 15. Nfd2 d5 16. Na3 e5 17. Bf3 e4 18. Be2 a6 19. c4 Ne5 20. h3 d4 21. exd4 cxd4 22. f3 d3 23. fxe4 dxe2 24.
Qxe2 Nh5 25. Nc2 Ng3 26. Qe3 Nxf1 27. Rxf1 Qd6 28. Nb1 Qd3 29. Qf2 Qxb3 30. Ba1 Bxe4 31. Nd4 Qxc4 32. Nd2 Qd5 33. Re1 Nd3 34. Qe2 Nxe1 35. Qxe1 Bxd4+ 36. Kh2 Bxa1 37. Qxa1 Qxd2 38. Qf6 Qd6+ 39. Qxd6 Rxd6 40. Kg3 b5 41. Kf4 Bc6 42. Ke5 Rd5+ 43. Kf6 bxa4 44. g4 Rd6+ 45. Ke7 Re6# 0-1

[Event "*** SCC Grand Prix: Titled Tuesday Blitz"]
[Site "Chess.com"]
[Date "2020.07.21"]
[Round "6"]
[White "mattcolins2025"]
[Black "Gandrade2"]
[Result "1-0"]
[WhiteElo "2393"]
[BlackElo "2073"]
[TimeControl "180+1"]
[EndTime "11:05:33 PDT"]
[Termination "mattcolins2025 won on time"]

1. d4 d5 2. c4 e6 3. Nc3 a6 4.
cxd5 exd5 5. Bf4 c6 6. e3 Bd6 7. Nge2 Nf6 8. Bxd6 Qxd6 9. Ng3 O-O 10. Bd3 Re8 11.
O-O Nbd7 12. Qd2 Nf8 13. Rae1 Ng6 14. Bb1 Be6 15. f3 Rad8 16. Nge2 Bc8 17. e4 dxe4 18.
Nxe4 Qe6 19. N2g3 Nd5 20. Ng5 Qf6 21. Nh5 Qd6 22. Re4 Bf5 23. Rxe8+ Rxe8 24. Bxf5 Ngf4 25. Bxh7+ Kf8 26. Nxf4 Nxf4 27. Be4 Nh5 28. Nh7+ Kg8 29. Qg5 Nf4 30. Qh4 Ng6 31. Bxg6 Qxg6 32. Ng5 Re2 33. Qg3 f6 34. Ne4 Qe8 35. Nxf6+ 1-0

[Event "*** SCC Grand Prix: Titled Tuesday Blitz"]
[Site "Chess.com"]
[Date "2020.07.21"]
[Round "6"]
[White "sm_sharon"]
[Black "DanielTitichoca"]
[Result "1-0"]
[WhiteElo "2054"]
[BlackElo "2292"]
[TimeControl "180+1"]
[EndTime "11:05:33 PDT"]
[Termination "sm_sharon won by resignation"]

1. d4 e6 2. Nf3 d5 3. e3 Nf6 4. b3 c5 5. Bb2 Nc6 6. Nbd2 a6 7. Bd3 b5 8. a4 c4 9. axb5 cxd3 10. bxc6 Qb6 11. Ne5 dxc2 12. Qxc2 Bd6 13. O-O O-O 14.
Ba3 Rd8 15. Bxd6 Rxd6 16. Rfc1 Qc7 17. b4 Rb8 18. Ra4 Rb6 19. Nb3 Ne8 20. Na5 f6 21.
Nd3 Rd8 22. f4 Nd6 23. Nc5 Nf5 24. Qd3 Rb5 25. Nab7 Re8 26. Nxa6 Qb6 27. g4 Nh6 28. h3 e5 29. dxe5 fxe5 30. Nd6 exf4 31. Nxe8 fxe3 32. Nc5 Qxc6 33. Qxe3 Rxc5 34. Rxc5 Qxa4 35. Rxc8 Qd1+ 36. Kg2 1-0

[Event "*** SCC Grand Prix: Titled Tuesday Blitz"]
[Site "Chess.com"]
[Date "2020.07.21"]
[Round "6"]
[White "GukeshDommaraju"]
[Black "LilRag"]
[Result "1-0"]
[WhiteElo "2707"]
[BlackElo "2498"]
[TimeControl "180+1"]
[EndTime "11:05:36 PDT"]
[Termination "GukeshDommaraju won by resignation"]

1. d4 Nf6 2. c4 e6 3. Nc3 b6 4. e4 d6 5. Nf3 Bb7 6. Bd3 Nbd7 7.
O-O c5 8. d5 e5 9. a3 g6 10. b4 Bg7 11. Nb5 Nb8 12. bxc5 bxc5 13. Rb1 Ba6 14. Qa4 O-O 15. Bd2 Bxb5 16. Rxb5 Nbd7 17.
Rfb1 Nb6 18. Qc2 Qe7 19. a4 Rfb8 20. a5 Nbd7 21. a6 Rxb5 22. Rxb5 Ne8 23. Rb7 Qd8 24. Qa4 Nb6 25. Qa3 Nc7 26. Ne1 Qc8 27.
Nc2 Bf6 28. Qa5 Bd8 29. Na3 Nd7 30. Nb5 Nxb5 31. Qxb5 Bb6 32. Qxd7 1-0

[Event "*** SCC Grand Prix: Titled Tuesday Blitz"]
[Site "Chess.com"]
[Date "2020.07.21"]
[Round "6"]
[White "czasnaszachy"]
[Black "diablanni"]
[Result "0-1"]
[WhiteElo "2240"]
[BlackElo "2335"]
[TimeControl "180+1"]
[EndTime "11:05:37 PDT"]
[Termination "diablanni won by resignation"]

1. d4 Nf6 2. c4 c5 3. d5 b5 4. cxb5 a6 5. b6 e6 6. Nc3 Nxd5 7.
Nxd5 exd5 8. Qxd5 Nc6 9. Qe4+ Be7 10. Bg5 Qxb6 11. Bxe7 Nxe7 12. Qxa8 d5 13. O-O-O O-O 14. Rxd5 Bf5 15. Qxf8+ Kxf8 16. Rd2 Nc6 17. e3 Qa5 18.
Bc4 Qa4 19. Bb3 Qe4 20. Bc2 Qc4 21. Ne2 Nb4 22. Nc3 Bxc2 23. Rxc2 Nxc2 24. Kxc2 Qg4 25. Rg1 Qh4 26. f3 Qf2+ 0-1